 Dungeon Sprint DCSS version 0.19-b1-5-gdc9fa9d (webtiles) character file.

12868 LORDOFBUTT the Ninja (level 11, 0/29 (32) HPs)
             Began as a Spriggan Enchanter on Oct 31, 2016.
             Was the Champion of Dithmenos.
             Engulfed by a cloud of steam (4 damage)
             ... in the Dungeon (Sprint I: "Red Sonja").
             The game lasted 00:08:52 (1979 turns).

LORDOFBUTT the Ninja (Spriggan Enchanter)           Turns: 1979, Time: 00:08:53

HP:   0/29 (32)     AC:  2    Str:  3 (4)  XL:     11   Next: 68%
MP:   32/32         EV: 18    Int: 19      God:    Dithmenos [******]
Gold: 1303          SH:  0    Dex: 18      Spells: 2 memorised, 40 levels left

rFire  . . .     SeeInvis +     n - +2 dagger (venom)
rCold  . . .     Gourm    .     b - +1 robe
rNeg   . . .     Faith    .     (shield restricted)
rPois  .         Spirit   .     (helmet restricted)
rElec  .         Reflect  .     (no cloak)
rCorr  +         Harm     .     (gloves unavailable)
MR     +....     NoTele   +     (boots unavailable)
Stlth  ++++++++++               a - amulet of regeneration
                                (no ring)
                                p - ring of resist corrosion

@: wreathed by umbra, very quick
A: unfitting armour, talons 1, see invisible, deformed body, deterioration 2,
herbivore 3, speed 3, frail 3, slow metabolism 2, subdued magic 2
a: Shadow Step, Shadow Form, Renounce Religion


You were in the Dungeon.
You worshipped Dithmenos.
Dithmenos was exalted by your worship.
You were not hungry.

You visited 1 branch You collected 1345 gold pieces.
You spent 42 gold pieces at shops.

Inventory:

Hand Weapons
 l - a +8 blowgun
 n - a +2 dagger of venom (weapon)
Missiles
 m - 9 curare-tipped needles
 o - 6 needles of sleeping
Armour
 b - a +1 robe (worn)
Jewellery
 a - an amulet of regeneration (around neck)
 p - a ring of resist corrosion (left hand)
Scrolls
 f - a scroll of fear {unknown}
 j - a scroll of blinking
 k - a scroll of remove curse {unknown}
Potions
 e - 3 potions of curing
 g - a potion of haste
 h - 2 potions of magic
Books
 c - a book of Maledictions

   Spells                             Type                      Level
   a - Corona                         Hexes                        1
   b - Ensorcelled Hibernation        Hexes/Ice                    2
   c - Confuse                        Hexes                        3
   d - Tukima's Dance                 Hexes                        3
   e - Dazzling Spray                 Conjuration/Hexes            3
Comestibles
 d - a bread ration


   Skills:
 - Level 1.1 Short Blades
 - Level 3.0 Dodging
 O Level 27 Stealth
 + Level 16.7 Spellcasting
 + Level 16.8 Hexes
 + Level 5.2 Ice Magic


You had 40 spell levels left.
You knew the following spells:

 Your Spells              Type           Power        Failure   Level  Hunger
a - Corona                Hex            ######.      0%          1    None
b - Ensorcelled Hibernat  Hex/Ice        #####.       0%          2    None


Dungeon Overview and Level Annotations

Branches:
Dungeon (1/1)

Altars:
Cheibriados
Dithmenos
Elyvilon
Fedhas
Gozag
Hepliaklqana
Kikubaaqudgha
Makhleb
Nemelex Xobeh
Okawaru
Qazlal
Ru
Sif Muna
Trog
Uskayaw
Vehumet
Xom
Yredelemnul
Zin
The Shining One
Jiyva
Lugonu

Shops:
D (?*([*[


Innate Abilities, Weirdness & Mutations

You are very small and have problems with some larger weapons.
You are too small for most types of armour.
You have supernaturally acute eyesight. (SInv)
You are a herbivore.
You cover ground extremely quickly.
You need consume almost no food.
You have sharp toenails.
Armour fits poorly on your strangely shaped body.
Your body often deteriorates upon taking damage.
You are extremely frail. (-30% HP)
Your spells are easier to cast, but less powerful.


Message History

Orders for allies: a - Attack new target. r - Retreat! s - Stop attacking. g - Guard the area. f - Follow me.
Anything else - Cancel.
Okay, then.
Really walk into that cloud of steam?
You are engulfed in a cloud of scalding steam.
You emit a cloud of dark smoke.
You see here 27 gold pieces.
Really walk into that cloud of steam?
You are engulfed in a cloud of scalding steam.
You see here 27 gold pieces.
You see here 27 gold pieces.
You open the door.
You are engulfed in a cloud of scalding steam.
* * * LOW HITPOINT WARNING * * *
Your body deteriorates!
You feel weakened.
Found a leather armour.
You are engulfed in a cloud of scalding steam.
You die...

##################
§§..§.§..#^(e§§$§#
§§...##..'§§#§$§§##
#§§§#######§#§e$§§#
###+# #e.#§§4§§#
#.# #..##§§§§#
#..###$#..≈###@##
##.#A#$#..≈.|#§#
.###$#.m≈.##+#
##..$#..≈##
+###.m≈# ≈..##
M≈..# ##yy# +yy#


You could see a hellwing.

Vanquished Creatures
  A hydra (D)
  2 centaur warriors (D)
  Sonja (D)
  A deep troll (D)
  A lindwurm (D)
  An oklob plant (D)
  8 shining eyes (D)
  A siren (D)
  2 kobold demonologists (D)
  4 demonic crawlers (D)
  A slime creature (D)
  A hornet (D)
  Sigmund (D)
  2 redbacks (D)
  A yak (D)
  13 hogs (D)
  7 floating eyes (D)
  5 necrophages (D)
  An ogre (D)
  8 jellies (D)
  Ijyb (D)
  3 ballistomycetes (D)
  A ballistomycete spore (D)
67 creatures vanquished.

Vanquished Creatures (others)
  A gargoyle (D)
  A ballistomycete spore (D)
2 creatures vanquished.

Grand Total: 69 creatures vanquished

Notes
Turn   | Place    | Note
-------+----------+-------------------------------------------
     0 | D        | LORDOFBUTT the Spriggan Enchanter began the quest for the Orb.
     0 | D        | Reached XP level 1. HP: 9/9 MP: 5/5
   102 | D        | Noticed Ijyb
   143 | D        | Killed Ijyb
   143 | D        | Reached skill level 7 in Stealth
   143 | D        | Reached XP level 2. HP: 7/13 MP: 6/8
   285 | D        | Noticed an ogre
   295 | D        | Learned a level 2 spell: Ensorcelled Hibernation
   297 | D        | Killed an ogre
   297 | D        | Reached skill level 10 in Stealth
   297 | D        | Reached XP level 3. HP: 15/16 MP: 4/11
   297 | D        | Reached XP level 4. HP: 20/21 MP: 4/13
   375 | D        | Noticed Sigmund
   387 | D        | Killed Sigmund
   387 | D        | Reached skill level 13 in Stealth
   387 | D        | Reached XP level 5. HP: 9/24 MP: 8/16
   579 | D        | Killed a gargoyle
   586 | D        | Found a deep blue altar of Sif Muna.
   588 | D        | Found a radiant altar of Vehumet.
   592 | D        | Reached XP level 6. HP: 28/28 MP: 18/18
   617 | D        | Found Qorhinw Gayk's Weapon Emporium.
   617 | D        | Found an ancient bone altar of Kikubaaqudgha.
   617 | D        | Found a hazy altar of Hepliaklqana.
   617 | D        | Found a stormy altar of Qazlal.
   617 | D        | Found a hide-covered altar of Uskayaw.
   617 | D        | Found a blossoming altar of Fedhas.
   617 | D        | Found a bloodstained altar of Trog.
   617 | D        | Found an iron altar of Okawaru.
   617 | D        | Found a basalt altar of Yredelemnul.
   617 | D        | Found a glowing golden altar of the Shining One.
   617 | D        | Found a snail-covered altar of Cheibriados.
   617 | D        | Found a sacrificial altar of Ru.
   617 | D        | Found a glowing silver altar of Zin.
   617 | D        | Found a shadowy altar of Dithmenos.
   617 | D        | Found a white marble altar of Elyvilon.
   617 | D        | Noticed a yak
   618 | D        | Found an opulent altar of Gozag.
   619 | D        | Killed a yak
   619 | D        | Reached skill level 15 in Stealth
   620 | D        | Found a sparkling altar of Nemelex Xobeh.
   636 | D        | Became a worshipper of Dithmenos the Shadowed
   656 | D        | Found a burning altar of Makhleb.
   656 | D        | Found a viscous altar of Jiyva.
   656 | D        | Found a shimmering altar of Xom.
   656 | D        | Found a corrupted altar of Lugonu.
   656 | D        | Noticed a slime creature
   659 | D        | Killed a slime creature
   659 | D        | Reached skill level 16 in Stealth
   659 | D        | Reached skill level 10 in Hexes
   659 | D        | Reached XP level 7. HP: 32/32 MP: 21/21
   672 | D        | Noticed a kobold demonologist
   673 | D        | Noticed a kobold demonologist
   675 | D        | Killed a kobold demonologist
   675 | D        | Reached skill level 17 in Stealth
   675 | D        | Reached skill level 10 in Spellcasting
   676 | D        | Reached * piety under Dithmenos
   678 | D        | Killed a kobold demonologist
   678 | D        | Reached skill level 18 in Stealth
   678 | D        | Reached XP level 8. HP: 36/36 MP: 22/24
   680 | D        | Noticed a demonic crawler
   680 | D        | Noticed a demonic crawler
   680 | D        | Noticed a demonic crawler
   680 | D        | Noticed a demonic crawler
   683 | D        | Killed a demonic crawler
   683 | D        | Reached ** piety under Dithmenos
   683 | D        | Reached skill level 19 in Stealth
   684 | D        | Killed a demonic crawler
   709 | D        | Noticed a centaur warrior
   709 | D        | Noticed a centaur warrior
   712 | D        | Killed a centaur warrior
   712 | D        | Reached skill level 20 in Stealth
   712 | D        | Reached XP level 9. HP: 39/39 MP: 24/26
   713 | D        | Killed a centaur warrior
   713 | D        | Reached skill level 21 in Stealth
   735 | D        | Noticed Sonja
   739 | D        | Killed Sonja
   739 | D        | Reached *** piety under Dithmenos
   739 | D        | Reached skill level 22 in Stealth
   763 | D        | Found Ziaxtad's Antique Weapon Boutique.
   783 | D        | Noticed a deep troll
   788 | D        | Killed a deep troll
   788 | D        | Reached XP level 10. HP: 44/44 MP: 28/28
   822 | D        | Found Teap's Armour Emporium.
  1005 | D        | Noticed a shining eye
  1005 | D        | Noticed a shining eye
  1005 | D        | Noticed a shining eye
  1005 | D        | Noticed a shining eye
  1005 | D        | Noticed a shining eye
  1005 | D        | Noticed a shining eye
  1014 | D        | Paralysed by a floating eye for 3 turns
  1019 | D        | Paralysed by a floating eye for 4 turns
  1025 | D        | Reached skill level 23 in Stealth
  1027 | D        | Paralysed by a floating eye for 2 turns
  1040 | D        | Gained mutation: Armour fits poorly on your strangely shaped body. [a shining eye]
  1043 | D        | Gained mutation: Your spells are a little easier to cast, but a little less powerful. [a shining eye]
  1050 | D        | Gained mutation: You are frail. (-10% HP) [a shining eye]
  1058 | D        | Killed a shining eye
  1058 | D        | Reached **** piety under Dithmenos
  1061 | D        | Gained mutation: Your body sometimes deteriorates upon taking damage. [a shining eye]
  1069 | D        | Gained mutation: You are very frail. (-20% HP) [a shining eye]
  1076 | D        | Gained mutation: Your body often deteriorates upon taking damage. [a shining eye]
  1079 | D        | Killed a shining eye
  1084 | D        | Noticed a shining eye
  1084 | D        | Noticed a shining eye
  1085 | D        | Killed a shining eye
  1085 | D        | Reached skill level 24 in Stealth
  1088 | D        | Killed a shining eye
  1093 | D        | Killed a shining eye
  1093 | D        | Reached skill level 15 in Hexes
  1095 | D        | Reached ***** piety under Dithmenos
  1099 | D        | Gained mutation: You possess an exceptional clarity of mind. [a shining eye]
  1101 | D        | Killed a shining eye
  1101 | D        | Reached skill level 15 in Spellcasting
  1103 | D        | Killed a shining eye
  1103 | D        | Reached skill level 25 in Stealth
  1104 | D        | Lost mutation: You possess an exceptional clarity of mind. [a shining eye]
  1108 | D        | Gained mutation: You are extremely frail. (-30% HP) [a shining eye]
  1118 | D        | Gained mutation: Potions and wands are less effective at restoring your health. [a shining eye]
  1121 | D        | Lost mutation: Potions and wands are less effective at restoring your health. [a shining eye]
  1125 | D        | Killed a shining eye
  1231 | D        | Gained mutation: You have sharp toenails. [potion of mutation]
  1231 | D        | Gained mutation: Your spells are easier to cast, but less powerful. [potion of mutation]
  1236 | D        | Found Mudurraa's Armour Shop.
  1236 | D        | Found Jieceir's Magic Scroll Shoppe.
  1236 | D        | Found Idiruwet's General Store.
  1236 | D        | Found Noifru's Assorted Antiques.
  1268 | D        | Bought 6 needles of sleeping for 42 gold pieces
  1318 | D        | Noticed an oklob plant
  1320 | D        | Killed an oklob plant
  1320 | D        | Reached skill level 1 in Ice Magic
  1320 | D        | Reached XP level 11. HP: 32/32 MP: 31/31
  1373 | D        | Reached ****** piety under Dithmenos
  1707 | D        | Reached skill level 26 in Stealth
  1731 | D        | Noticed a lindwurm
  1734 | D        | Killed a lindwurm
  1919 | D        | Noticed a 12-headed hydra
  1921 | D        | Killed a 12-headed hydra
  1921 | D        | Reached skill level 27 in Stealth
  1923 | D        | Reached skill level 5 in Ice Magic
  1937 | D        | Noticed a daeva
  1956 | D        | Noticed a deep elf annihilator
  1960 | D        | Noticed a mummy priest
  1979 | D        | Engulfed by a cloud of steam

Skill      XL: |  1  2  3  4  5  6  7  8  9 10 11 |
---------------+----------------------------------+-----
Stealth        | 7 10 13 16 18 20 22 25 27 | 27.0
Spellcasting   | 4 6 7 8 9 11 12 13 15 16 | 16.7
Hexes          | 4 6 8 10 11 12 14 15 16 | 16.8
Ice Magic      | 1 5 |  5.2
Short Blades   | |  1.1
Dodging        | |  3.0

Action                   |  1- 3 |  4- 6 |  7- 9 | 10-12 || total
-------------------------+-------+-------+-------+-------++-------
Melee: Dagger            |    41 |     4 |     9 |   221 ||   275
       Kick              |       |       |       |    26 ||    26
 Fire: Blowgun           |       |       |       |     4 ||     4
 Cast: Ensorcelled Hiber |     2 |     3 |       |    18 ||    23
  Use: Potion            |       |       |       |     3 ||     3
 Stab: Sleeping          |     1 |     4 |     9 |    36 ||    50
Armor: Robe              |     1 |       |       |       ||     1
Dodge: Dodged            |    29 |     3 |       |    80 ||   112
